 Dungeon Crawl Stone Soup version 0.26-a0-576-gcfaa98f945 (webtiles) character file.

Game seed: 17726328551286408395

266 ANON1729 the Sneak (level 6, -2/49 HPs)
             Began as a Demonspawn Delver on Aug 22, 2020.
             Slain by a gnoll
             ... wielding a +0 spear
              (10 damage)
             ... on level 6 of the Dungeon.
             The game lasted 00:03:12 (1281 turns).

ANON1729 the Sneak (Demonspawn Delver)              Turns: 1281, Time: 00:03:12

Health: -2/49      AC:  3    Str: 13    XL:     6   Next: 0%
Magic:  6/6        EV: 12    Int: 12    God:
Gold:   74         SH:  0    Dex: 15    Spells: 5/5 levels left

rFire    . . .     SeeInvis .   a - +0 falchion
rCold    . . .     Faith    .   (no shield)
rNeg     . . .     Spirit   .   b - +0 leather armour
rPois    .         Reflect  .   (helmet restricted)
rElec    .         Harm     .   (no cloak)
rCorr    .                      (no gloves)
MR       .....                  (no boots)
Stlth    +++.......             (no amulet)
HPRegen  0.16/turn              (no ring)
MPRegen  0.10/turn              (no ring)

@: no status effects
A: antennae 1, powered by pain 2
a: no special abilities


You were on level 6 of the Dungeon.
You visited 1 branch of the dungeon, and saw 3 of its levels.

You collected 74 gold pieces.

Inventory:

Hand Weapons
 a - a +0 falchion (weapon)
Armour
 b - a +0 leather armour (worn)
Wands
 g - a wand of digging (3)
 h - a wand of acid (8)
 j - a wand of paralysis (2)
Scrolls
 c - a scroll of fog
 d - a scroll of magic mapping
 e - a scroll of fear
 f - a scroll of amnesia
 i - a scroll of identify


   Skills:
 + Level 4.4 Fighting
 + Level 3.4 Long Blades
 - Level 2.1 Armour
 + Level 2.4 Dodging
 - Level 4.8 Stealth


You had 5 spell levels left.
You didn't know any spells.
Your spell library was empty.

Dungeon Overview and Level Annotations

Branches:
Dungeon (7/15)
 Temple: D:4-7

Altars:


Innate Abilities, Weirdness & Mutations

You have a pair of small antennae on your head.
You sometimes gain power by taking damage.


Message History

The gnoll misses you. The gnoll hits you with a +0 spear.
You hit the gnoll.
The gnoll is almost dead.
The gnoll barely misses you.
You closely miss the gnoll.
The gnoll is almost dead.
The gnoll hits you with a +0 spear!
* * * LOW HITPOINT WARNING * * *
You barely miss the gnoll.
The gnoll is almost dead.
The gnoll closely misses you.
You riposte.
You hit the gnoll.
The gnoll is almost dead.
You completely miss the gnoll.
The gnoll is almost dead.
The gnoll hits you with a +0 spear.
* * * LOW HITPOINT WARNING * * *
You hit the gnoll but do no damage.
The gnoll is almost dead.
The gnoll hits you with a +0 spear!
You die...

.......g..#g.......#.#
.#g##.###...###.##.#.#
.. #.#########...)..#
. #.##....<#####.###
#.##.....# ##...####
#.##.....# #..#....#
..##.....# #....##.#
####.....# #.##.##.#
#.....# #@#..##.#
#.....###g#.###.#
#[.<.....>......#
#.#..#.##.#.#####
#.#..#.##.#.#
.#######...........#
.........##.#.#..#.#
#########
########[#.......#.#
#.......###
#.........#.#
#.#####.##.


You could see a gnoll.

Vanquished Creatures
  2 ice beasts (D:6)
  A scorpion (D:6)
  3 gnolls (D:6)
  An adder (D:5)
  An orc (D:6)
8 creatures vanquished.

Notes
Turn   | Place    | Note
-------+----------+-------------------------------------------
     0 | D:5      | ANON1729 the Demonspawn Delver began the quest for the Orb.
     0 | D:5      | Reached XP level 1. HP: 18/18 MP: 1/1
    10 | D:5      | You fall into a shaft and drop 2 floors!
    35 | D:7      | Noticed a bullfrog
    36 | D:7      | Noticed a scorpion
    46 | D:6      | Killed a scorpion
    46 | D:6      | Gained mutation: You sometimes gain a little power by
                  | taking damage. [demonic ancestry]
    46 | D:6      | Reached XP level 2. HP: 21/24 MP: 2/2
    46 | D:6      | Reached XP level 3. HP: 25/29 MP: 3/3
    72 | D:6      | Noticed an ice beast
   299 | D:6      | HP: 1/29 [orc/+0 flail (6)]
   650 | D:6      | Noticed an ice beast
   720 | D:6      | Killed an ice beast
   720 | D:6      | Reached skill level 1 in Armour
   720 | D:6      | Gained mutation: You have a pair of small antennae on your
                  | head. [demonic ancestry]
   720 | D:6      | Reached XP level 4. HP: 7/37 MP: 4/4
   720 | D:6      | Gained mutation: You sometimes gain power by taking damage.
                  | [demonic ancestry]
   720 | D:6      | Reached XP level 5. HP: 8/42 MP: 5/5
   869 | D:6      | Killed an ice beast
  1268 | D:6      | Reached XP level 6. HP: 32/49 MP: 6/6
  1281 | D:6      | Slain by a gnoll

Illustrated notes

Levels and vault maps discovered:
D:5:      layout_cave_pools, ebering_ghost_sewer_d
D:6:      layout_loops_cross, minmay_misc_feat_square
D:7:      layout_rooms, minmay_misc_feat_pillars,
          nicolae_dithmenos_through_a_glass_darkly

Skill      XL: |  1  2  3  4  5 |
---------------+----------------+-----
Long Blades    | 2 3 |  3.4
Dodging        | 2 |  2.4
Fighting       | 4 |  4.4
Armour         | 1 2 |  2.1
Stealth        | |  4.8

Action                   |  1- 3 |  4- 6 || total
-------------------------+-------+-------++-------
Melee: Falchion          |    28 |    45 ||    73
Evoke: Wand              |     3 |     6 ||     9
  Use: Potion            |     1 |       ||     1
       Scroll            |       |     1 ||     1
 Stab: Paralysed         |     9 |     9 ||    18
       Sleeping          |     1 |       ||     1
Armor: Leather armour    |     5 |     4 ||     9
Dodge: Dodged            |    14 |    26 ||    40
       Rpst.: Falchion   |     3 |    10 ||    13

Table legend: (Time is in decaauts)
 A = Elapsed time spent in this place.
 B = Non-inter-level travel time spent in this place.
 C = Inter-level travel time spent in this place.
 D = Time resting spent in this place.
 E = Time spent auto-exploring this place.
 F = Levels seen in this place.
 G = Mean time per level.
                   A        B        C        D        E       F      G
               +--------+--------+--------+--------+--------+-----+--------+
         Total |   1273 |   1273 |      0 |    878 |    151 |   3 |  424.3 |
       Dungeon |   1273 |   1273 |      0 |    878 |    151 |   3 |  424.3 |
               +--------+--------+--------+--------+--------+-----+--------+

Top non-repeatable levels by time:
     D:6: 1019 daAuts
     D:5: 223 daAuts
     D:7: 30 daAuts
